 Dungeon Crawl Stone Soup version 0.9.0-27-g8a39726 character file.

188 Jmaa the Skirmisher (level 4, -2/32 HPs)
             Began as a High Elf Fighter on Dec 2, 2011.
             Killed by nerve-wracking pain
             ... invoked by Grinder
              (6 damage)
             ... while paralysed
             ... on Level 3 of the Dungeon on Jan 26, 2012.
             The game lasted 00:37:07 (2081 turns).

Jmaa the Skirmisher (High Elf Fighter)              Turns: 2081, Time: 00:37:10

HP  -2/32        AC  7     Str 16      XL: 4   Next: 36%
MP   6/6         EV  2     Int 11      God:
Gold 90          SH  0     Dex 15      Spells:  0 memorised,  3 levels left

Res.Fire  : . . .   See Invis. : .   a - +0 elf short sword
Res.Cold  : . . .   Warding    : . . b - +0 elf scale mail
Life Prot.: + . .   Conserve   : .   c - +0 elf shield
Res.Acid. : . . .   Res.Corr.  : .   (no helmet)
Res.Poison: .       Clarity    : .   h - +0 cloak
Res.Elec. : .       Spirit.Shd : .   (no gloves)
Sust.Abil.: . .     Stasis     : .   (no boots)
Res.Mut.  : .       Ctrl.Telep.: .   (no amulet)
Res.Rott. : .       Levitation : .   q - ring of life protection {unknown}
Saprovore : . . .   Ctrl.Flight: .   i - ring of regeneration

@: paralysed, about to teleport, mildly poisoned, slightly resistant to hostile
enchantments, extremely unstealthy
A: no striking features
a: no special abilities


You were on level 3 of the Dungeon.
You were not hungry.

You visited 1 branch of the dungeon, and saw 4 of its levels.

You collected 70 gold pieces.

Inventory:

Hand weapons
 a - a +0,+0 elven short sword (weapon)
 k - a +1,+2 elven short sword
 l - a +1,+1 short sword
 t - a +2,+1 dagger
 z - a +0,+0 orcish dagger
Missiles
 r - 88 +0 stones (quivered)
 v - 13 steel +0 sling bullets
 x - 2 +0 darts of frost
Armour
 b - a +0 elven scale mail (worn)
 c - a +0 elven shield (worn)
 e - a +0 leather armour
 f - a +0 ring mail
 h - a +0 cloak (worn)
 p - a +0 leather armour
 w - a +0 robe
Comestibles
 d - 3 bread rations
 g - a chunk of rat flesh
 u - 6 grapes
 B - a rotting chunk of bat flesh
Scrolls
 o - a scroll of random uselessness {unknown}
 A - a scroll of enchant weapon I {unknown}
Jewellery
 i - a ring of regeneration (left hand)
 q - a ring of life protection (right hand) {unknown}
Potions
 n - a potion of agility {unknown}
 s - a potion of gain dexterity {unknown}


   Skills:
 + Level 3 Fighting
 + Level 3 Short Blades
 + Level 1 Throwing
 + Level 3 Armour
 + Level 1 Dodging
 + Level 1 Stealth
 + Level 3 Shields


You had 3 spell levels left.
You didn't know any spells.

Dungeon Overview and Level Annotations

Branches:
Dungeon (4/27)
 Temple: D:4-7

Altars:

Portals:
Glowing drain: D:3


Message History

You hit the worker ant.
The worker ant is moderately wounded.
The worker ant bites you. Grinder gestures at you.
Pain shoots through your body!
You hit the worker ant.
The worker ant is moderately wounded.
The worker ant bites you!
* * * LOW HITPOINT WARNING * * *
As you read the scroll of teleportation, it crumbles to dust.
You feel strangely unstable. The worker ant barely misses you.
Grinder gestures at you.
You suddenly lose the ability to move!
* * * LOW HITPOINT WARNING * * *
You feel sick.
Helpless, you fail to dodge the worker ant's attack.
The worker ant bites you but does no damage.
Grinder gestures at you. Pain shoots through your body!
You die...

############
#..........#
#.a@...5...#
#.....%....#
##.#########
#####.#
#.....#
#.##### #.#
#.# #.#
#####


You could see Grinder and a worker ant.

Vanquished Creatures
  Jessica (D:3)
  2 snakes
  A worm (D:3)
  2 grey rats (D:3)
  An orc (D:3)
  2 giant cockroaches
  7 goblins
  5 hobgoblins
  8 bats
  4 giant newts
  2 jackals (D:2)
  9 kobolds
  10 rats
  A small snake (D:3)
55 creatures vanquished.

Vanquished Creatures (others)
  A giant newt (D:1)
1 creature vanquished.

Grand Total: 56 creatures vanquished

Notes
Turn   | Place    | Note
--------------------------------------------------------------
     0 | D:1      | Jmaa, the High Elf Fighter, began the quest for the Orb.
     0 | D:1      | Reached XP level 1. HP: 16/16 MP: 1/1
   468 | D:1      | Reached XP level 2. HP: 21/21 MP: 2/2
   943 | D:2      | Reached XP level 3. HP: 25/27 MP: 4/4
  1338 | D:3      | Noticed Jessica
  1383 | D:3      | Defeated Jessica
  1488 | D:3      | Noticed Sigmund
  1592 | D:3      | Reached skill level 1 in Dodging
  1592 | D:3      | Reached XP level 4. HP: 30/32 MP: 6/6
  1840 | D:3      | Reached skill level 1 in Throwing
  1878 | D:3      | Found a glowing drain.
  1959 | D:3      | Reached skill level 1 in Stealth
  2066 | D:4      | Noticed Grinder
  2070 | D:4      | Paralysed by Grinder for 2 turns
  2080 | D:3      | Paralysed by Grinder for 2 turns
  2081 | D:3      | Killed from afar by Grinder
